 Seeded DCSS version 0.31-a0-965-g8a8ce12e04 (webtiles) character file.

Game seed: 146601 (custom seed)

90 Hubris850 the Shooter (level 4, -1/26 HPs)
             Began as a Kobold Hunter on Oct 26, 2023.
             Slain by Ijyb
             ... wielding a +0 dagger
              (6 damage)
             ... on level 3 of the Dungeon.
             The game lasted 00:05:23 (2112 turns).

Hubris850 the Shooter (Kobold Hunter)               Turns: 2112, Time: 00:05:24

Health: -1/26      AC:  5    Str:  8    XL:     4   Next: 85%
Magic:  4/4        EV: 14    Int: 10    God:
Gold:   93         SH:  0    Dex: 20    Spells: 3/3 levels left

rFire   . . .        a - +1 shortbow
rCold   . . .        (shield currently unavailable)
rNeg    . . .        c - +0 leather armour
rPois   .            (no helmet)
rElec   .            j - +1 cloak
rCorr   .            (no gloves)
SInv    .            (no boots)
Will    .....        (no amulet)
Stlth   ++           (no ring)
HPRegen 0.24/turn    (no ring)
MPRegen 0.09/turn

%: no passive effects
@: confused
A: small, no large weapons, nightstalker 3
a: no special abilities


You were on level 3 of the Dungeon.
You visited 1 branch of the dungeon, and saw 3 of its levels.

You collected 93 gold pieces.

Inventory:

Hand Weapons
 a - a +1 shortbow (weapon)
 e - a +0 dagger
 n - a +1 dagger of speed
 r - a +1 falchion of flaming
Armour
 c - a +0 leather armour (worn)
 j - a +1 cloak (worn)
Magical Staves
 s - a staff of death
Jewellery
 k - an amulet of the acrobat
Scrolls
 b - a scroll of butterflies
 d - 2 scrolls of teleportation
Potions
 h - a potion of heal wounds
 i - 2 potions of invisibility
 l - 2 potions of mutation {unknown}
 o - a potion of might {unknown}


   Skills:
 - Level 2.1 Fighting
 + Level 6.6 Ranged Weapons
 - Level 2.4 Dodging
 + Level 4.4 Stealth


You had 3 spell levels left.
You didn't know any spells.
Your spell library was empty.

Dungeon Overview and Level Annotations

Branches:
Dungeon (3/15)

Altars:

Annotations:
D:3 Ijyb


Innate Abilities, Weirdness & Mutations

You are small and have problems with some larger weapons.
You are completely attuned to the shadows.


Message History

You shoot an arrow.
Ijyb zaps a wand.
Your will is overpowered!
You are more confused.
The hobgoblin barely misses you.
You shoot an arrow. Ijyb hits you but does no damage.
The hobgoblin closely misses you.
You shoot an arrow. Ijyb hits you with a +0 dagger.
The hobgoblin closely misses you.
You shoot an arrow. The arrow misses Ijyb.
Ijyb barely misses you. The hobgoblin barely misses you.
You shoot an arrow. Ijyb closely misses you.
The hobgoblin hits you but does no damage.
You shoot an arrow. Ijyb closely misses you. The hobgoblin closely misses you.
You shoot an arrow.
Ijyb zaps a wand.
Your will is overpowered!
You are more confused.
The hobgoblin closely misses you.
You shoot an arrow. Ijyb barely misses you. The hobgoblin closely misses you.
You shoot an arrow. The hobgoblin misses you. Ijyb hits you with a +0 dagger.
You shoot an arrow. Ijyb misses you. The hobgoblin closely misses you.
You shoot an arrow. The arrow hits the hobgoblin.
The hobgoblin is almost dead.
The hobgoblin hits you. Ijyb barely misses you. Ijyb misses you.
The hobgoblin misses you.
You shoot an arrow.
Ijyb zaps a wand.
You resist with some effort. The hobgoblin closely misses you.
You shoot an arrow. The arrow closely misses the hobgoblin.
Ijyb closely misses you. The hobgoblin closely misses you.
You shoot an arrow. Ijyb hits you with a +0 dagger.
* * * LOW HITPOINT WARNING * * *
The hobgoblin closely misses you.
You shoot an arrow. The hobgoblin misses you. Ijyb completely misses you.
You shoot an arrow. The hobgoblin completely misses you.
Ijyb hits you but does no damage.
You shoot an arrow. The arrow hits Ijyb but does no damage.
Ijyb is lightly wounded.
The hobgoblin hits you but does no damage.
Ijyb zaps a wand.
You resist with some effort. Ijyb hits you with a +0 dagger.
* * * LOW HITPOINT WARNING * * *
The hobgoblin barely misses you.
You shoot an arrow. Ijyb hits you with a +0 dagger.
You die...

########
######......# ..
...##.####.#
..###.##.##.#.#####
....†.†....#.......
....#.##.#......##
....@.##.#.##.#.#
.^.gg.##......#.###.
.....#####.#........
....## .......###.
...# .....#.#
.......# .....#.#
.....#.# #
.....#.###.#


You could see Ijyb and a hobgoblin.

Vanquished Creatures
  2 adders (D:2)
  2 worms (D:2)
  3 dart slugs
  8 endoplasms
  2 giant cockroaches
  7 hobgoblins
  3 jackals (D:2)
  5 kobolds
  6 quokkas
  3 ball pythons
  5 bats
  2 frilled lizards
  3 goblins
  3 rats
54 creatures vanquished.

Notes
Turn   | Place    | Note
-------+----------+-------------------------------------------
     0 | D:1      | Hubris850 the Kobold Hunter began the quest for the Orb.
     0 | D:1      | Reached XP level 1. HP: 12/12 MP: 1/1
    21 | D:1      | You fall into a shaft and drop 1 floor!
   153 | D:1      | Reached XP level 2. HP: 17/17 MP: 2/2
   331 | D:1      | Reached XP level 3. HP: 19/21 MP: 3/3
   570 | D:1      | Reached skill level 6 in Ranged Weapons
  1237 | D:2      | Reached XP level 4. HP: 26/26 MP: 4/4
  2082 | D:3      | Noticed Ijyb
  2112 | D:3      | Slain by Ijyb

Illustrated notes

Levels and vault maps discovered:
D:1:      dpeg_arrival_circle_labyrinth_c, layout_basic
D:2:      minmay_chambers_of_ones, layout_loops_ring, grunt_ministairs_7
D:3:      layout_loops_cross, dk_xom_monty_hall, lemuel_crystal_altar, uniq_ijyb

Skill      XL: |  1  2  3  4 |
---------------+-------------+-----
Stealth        | 2 3 4 |  4.4
Ranged Weapons | 6 |  6.6
Fighting       | |  2.1
Dodging        | |  2.4

Action                     |  1- 3 |  4- 6 || total
---------------------------+-------+-------++-------
   Fire: Shortbow          |    94 |    74 ||   168
    Use: Scroll            |       |     9 ||     9
 Armour: Leather armour    |    14 |    26 ||    40
  Dodge: Dodged            |    36 |    52 ||    88

Table legend: (Time is in decaauts)
 A = Elapsed time spent in this place.
 B = Non-inter-level travel time spent in this place.
 C = Inter-level travel time spent in this place.
 D = Time resting spent in this place.
 E = Time spent auto-exploring this place.
 F = Levels seen in this place.
 G = Mean time per level.
                   A        B        C        D        E       F      G
               +--------+--------+--------+--------+--------+-----+--------+
         Total |   2136 |   2082 |     54 |    114 |   1656 |   3 |  712.0 |
       Dungeon |   2136 |   2082 |     54 |    114 |   1656 |   3 |  712.0 |
               +--------+--------+--------+--------+--------+-----+--------+

Top non-repeatable levels by time:
     D:2: 1065 daAuts
     D:1: 977 daAuts
     D:3: 93 daAuts
